Map: Catalyst LE

Players

demon - Winner!

  • Race: Zerg Zerg
  • League: Gold
  • Spawn Location: 5:00

Kallestål

  • Race: Terran Terran
  • Spawn Location: 11:00

VOD

Have the link to the VOD?

Description

Silly game.

Time

  • Played on: Dec. 3, 2017, 2:37 p.m.
  • Length: 26:42
Show
View Real Time Build Order
Export as new Build Order

demon Zerg - Winner!

Build Orders: Pool First 

Get SALT Encoding   

  12  0:01  Drone  
  13  0:11  Drone  
  14  0:19  Drone, Extractor  
  15  0:29  Overlord  
  15  0:43  Spawning Pool  
  15  0:49  Drone  
  15  1:10  Hatchery  
  15  1:11  Drone  
  15  1:12  Extractor  
  15  1:15  Drone  
  15  1:22  Drone  
  16  1:30  Queen  
  18  1:40  Drone  
  18  1:42  Drone  
  20  1:55  Zergling x2  
  21  2:04  Drone  
  22  2:16  Overlord  
  22  2:19  Metabolic Boost  
  22  2:21  Queen  
  24  2:28  Queen  
  26  2:31  Drone  
  26  2:34  Drone  
  28  2:39  Drone x2  
  30  2:45  Drone  
  30  2:46  Drone x2  
  33  2:54  Zergling x2  
  34  3:07  Zergling x4  
  36  3:22  Overlord x2  
  36  3:23  Overlord x3  
  32  3:46  Roach Warren  
  31  3:50  Zergling x4  
  33  4:00  Zergling x6  
  36  4:14  Drone x2  
  36  4:15  Drone x4  
  37  4:37  Lair  
  37  4:43  Roach x3  
  37  4:44  Roach  
  45  4:52  Evolution Chamber  
  44  4:55  Drone, Extractor  
  44  4:59  Roach x5  
  56  5:00  Roach  
  56  5:19  Zerg Missile Weapons Level 1  
  56  5:25  Roach x2  
  60  5:38  Zergling x4  
  60  5:39  Zergling x2  
  63  5:47  Roach  
  63  5:48  Roach x3  
  71  6:02  Extractor  
  67  6:14  Glial Reconstitution  
  67  6:19  Drone x4  
  71  6:48  Nydus Network  
  71  6:50  Roach x2  
  71  6:54  Overlord x5  
  74  6:55  Overlord  
  74  7:04  Drone  
  74  7:05  Drone  
  76  7:24  Zerg Missile Weapons Level 2  
  76  7:29  Roach x3  
  82  7:33  Roach x3  
  82  7:34  Roach  
  90  7:48  Nydus Canal  
  68  8:52  Zergling x12  
  64  8:57  Roach x6  
  64  9:01  Tunneling Claws  
  48  9:53  Roach x5  
  48  9:54  Roach  
  48  9:57  Zerg Ground Armor Level 1  
  58  10:03  Roach x3  
  58  10:04  Roach x2  
  62  10:24  Roach x4  
  62  10:25  Roach  
  72  10:29  Roach x2  
  72  10:32  Roach x4  
  84  11:17  Roach x5  
  94  11:20  Queen  
  94  11:22  Hatchery  
  94  11:24  Burrow  
  95  11:26  Roach x6  
  107  12:07  Roach x3  
  113  12:13  Roach x3  
  95  12:52  Queen  
  95  12:54  Drone  
  98  13:00  Drone  
  99  13:05  Drone  
  99  13:08  Drone  
  101  13:31  Drone x2  
  103  13:41  Roach x27  
  103  14:03  Roach  
  103  14:04  Roach x4  
  113  14:28  Roach x4  
  113  14:29  Roach x4  
  129  14:31  Zerg Ground Armor Level 2  
  129  14:38  Overlord x4  
  129  14:39  Overlord  
  129  14:43  Ravager  
  130  15:06  Ravager x2  
  132  15:07  Ravager  
  132  15:08  Ravager x5  
  138  15:15  Roach x5  
  138  15:16  Roach  
  138  15:20  Hatchery  
  149  15:23  Extractor  
  149  15:28  Extractor  
  147  15:33  Hydralisk Den  
  146  15:38  Infestation Pit  
  139  16:23  Hive  
  139  16:27  Roach  
  139  16:28  Roach x4  
  139  16:30  Roach x4  
  139  16:31  Roach x2  
  161  16:37  Roach  
  161  16:39  Queen  
  143  17:25  Roach x3  
  143  17:29  Drone x5  
  146  17:44  Ultralisk Cavern  
  143  17:52  Zerg Missile Weapons Level 3  
  143  17:53  Evolution Chamber  
  143  17:56  Roach x4  
  143  17:57  Roach  
  151  18:08  Roach x22  
  151  18:09  Roach x4  
  161  18:13  Extractor  
  160  18:34  Spire  
  160  18:37  Ultralisk  
  165  18:49  Drone x3  
  165  18:50  Drone x3  
  165  18:53  Drone x5  
  172  19:20  Ultralisk  
  166  19:33  Drone x3  
  166  19:34  Drone x2  
  169  19:44  Drone x5  
  169  19:45  Drone x2  
  158  20:20  Drone x6  
  158  20:21  Drone x3  
  167  20:32  Greater Spire  
  167  20:45  Corruptor x2  
  167  20:46  Corruptor  
  173  20:52  Corruptor  
  171  21:16  Corruptor x2  
  171  21:17  Corruptor  
  175  21:20  Overlord  
  175  21:24  Overlord x3  
  166  21:41  Extractor  
  166  21:42  Corruptor x2  
  166  21:43  Corruptor x3, Extractor  
  174  22:01  Brood Lord x3  
  174  22:02  Brood Lord  
  180  22:22  Zergling x2  
  181  22:23  Zergling x10  
  171  22:57  Brood Lord x4  
  179  23:00  Brood Lord  
  181  23:28  Brood Lord x2  
  185  23:55  Zerg Melee Weapons Level 1  
  185  23:57  Zerg Flyer Weapons Level 1  
  185  23:59  Corruptor x3  
  185  25:50  Corruptor x3  
  185  25:53  Brood Lord x3  
  197  25:57  Corruptor  
Show
View Real Time Build Order
Export as new Build Order

Kallestål Terran 

Build Orders: Command Center First (CC) 

Get SALT Encoding   

  12  0:00  SCV  
  13  0:12  SCV  
  14  0:25  SCV, Supply Depot  
  15  0:44  Refinery  
  15  0:46  Refinery, SCV  
  16  0:59  SCV  
  17  1:16  Command Center  
  17  1:20  SCV  
  18  1:32  SCV  
  19  1:42  Engineering Bay  
  19  1:44  SCV  
  20  1:56  SCV  
  20  2:00  Supply Depot  
  21  2:08  SCV  
  22  2:20  SCV  
  23  2:23  Supply Depot  
  23  2:59  Planetary Fortress  
  23  3:02  Missile Turret  
  23  3:14  Command Center  
  23  3:16  SCV  
  23  3:39  SCV  
  24  3:42  SCV  
  24  3:45  Command Center  
  25  3:51  SCV  
  26  4:04  SCV  
  27  4:11  Missile Turret  
  27  4:21  SCV  
  30  4:35  Planetary Fortress  
  30  4:38  Planetary Fortress  
  28  4:48  Command Center  
  28  4:59  Missile Turret  
  28  5:04  Planetary Fortress  
  28  5:10  Missile Turret  
  28  5:15  Missile Turret  
  28  5:17  SCV  
  28  5:18  SCV  
  30  5:27  SCV  
  31  5:29  SCV  
  31  5:31  SCV  
  31  5:34  Missile Turret  
  32  5:50  Missile Turret x2  
  32  5:52  SCV x2  
  34  6:00  SCV x2  
  34  6:02  Planetary Fortress  
  34  6:04  SCV  
  37  6:09  SCV  
  38  6:16  SCV  
  39  6:18  SCV x2  
  39  6:21  SCV  
  42  6:28  SCV  
  42  6:30  SCV  
  42  6:31  SCV  
  42  6:32  Refinery  
  45  6:33  SCV  
  45  6:34  Refinery  
  46  6:40  Missile Turret, SCV  
  46  6:41  Missile Turret  
  46  6:45  SCV  
  48  6:48  Missile Turret  
  48  6:59  SCV  
  48  7:00  SCV x2  
  51  7:06  Command Center  
  51  7:14  Missile Turret  
  51  7:15  Missile Turret  
  51  7:20  SCV x2  
  53  7:32  SCV  
  53  7:33  SCV  
  53  7:35  Missile Turret  
  55  7:44  Command Center, SCV  
  56  7:55  Missile Turret  
  47  8:15  Missile Turret  
  47  8:32  Command Center  
  47  8:34  Command Center  
  44  8:49  SCV x2  
  45  9:01  SCV x2  
  45  9:02  Building Armor  
  45  9:13  SCV  
  45  9:16  SCV  
  39  9:26  SCV  
  31  9:37  SCV  
  27  10:19  Planetary Fortress  
  27  10:35  Missile Turret  
  27  10:37  SCV  
  27  10:41  Neosteel Frame  
  28  10:48  SCV  
  28  10:49  SCV  
  30  11:00  SCV  
  30  11:01  SCV  
  30  11:02  SCV x3  
  30  11:03  Missile Turret  
  35  11:08  Missile Turret  
  35  11:12  SCV, Missile Turret  
  36  11:18  Missile Turret  
  36  11:22  SCV  
  37  11:28  Planetary Fortress  
  37  11:44  SCV, Missile Turret  
  35  11:47  Planetary Fortress  
  35  11:56  Command Center, SCV  
  35  12:00  Hi-Sec Auto Tracking  
  36  12:06  SCV x2  
  38  12:27  Missile Turret  
  38  12:30  SCV  
  39  12:48  Command Center  
  37  12:52  Command Center  
  37  12:59  SCV  
  38  13:07  Planetary Fortress  
  38  13:11  SCV  
  39  13:13  SCV x2  
  41  13:25  SCV  
  42  13:33  SCV  
  43  13:37  SCV  
  44  13:45  SCV  
  44  13:48  SCV  
  45  14:00  SCV  
  46  14:13  Command Center, SCV  
  46  14:16  SCV x3  
  50  14:21  Command Center  
  50  14:25  SCV  
  50  14:28  SCV, Missile Turret  
  50  14:29  Planetary Fortress  
  52  14:37  Command Center, SCV  
  52  14:49  SCV  
  52  14:51  Missile Turret  
  49  15:06  SCV x2  
  50  15:09  SCV  
  50  15:10  Missile Turret  
  51  15:16  Command Center  
  51  15:18  Command Center  
  51  15:29  Missile Turret  
  51  15:34  Command Center  
  51  15:39  Command Center  
  51  15:45  Command Center  
  51  15:47  Command Center  
  51  16:02  Planetary Fortress  
  51  16:04  Command Center  
  51  16:17  SCV x3  
  54  16:29  SCV  
  55  16:35  Planetary Fortress  
  55  16:37  Command Center  
  55  16:50  Command Center  
  55  16:56  Planetary Fortress  
  51  17:16  Command Center  
  51  17:20  Missile Turret  
  52  17:23  Planetary Fortress  
  51  17:30  Command Center  
  52  17:40  Missile Turret  
  51  17:51  Planetary Fortress  
  51  17:55  SCV  
  51  17:56  SCV  
  51  17:58  Planetary Fortress x2  
  53  18:00  Missile Turret  
  53  18:04  Command Center  
  53  18:07  SCV  
  53  18:08  SCV  
  55  18:13  Command Center  
  55  18:20  Planetary Fortress  
  55  18:28  SCV  
  56  18:37  SCV  
  56  18:41  SCV  
  58  18:42  Planetary Fortress  
  59  18:48  SCV x3  
  59  18:49  SCV  
  59  18:53  SCV x4  
  59  18:55  Refinery  
  66  18:56  Refinery  
  66  18:57  Planetary Fortress  
  66  19:00  SCV x3  
  66  19:01  SCV  
  70  19:17  SCV  
  71  19:25  Planetary Fortress  
  71  19:29  SCV  
  72  19:33  Missile Turret  
  72  19:39  Planetary Fortress  
  72  19:41  SCV  
  72  19:44  Missile Turret  
  73  19:48  SCV x2  
  73  19:49  Command Center  
  75  19:53  SCV  
  76  20:00  SCV  
  76  20:05  SCV  
  76  20:07  Missile Turret, SCV  
  76  20:12  SCV  
  78  20:16  Missile Turret  
  78  20:17  SCV  
  78  20:19  SCV  
  80  20:27  Missile Turret  
  80  20:29  Missile Turret  
  80  20:30  Command Center, SCV  
  80  20:31  SCV  
  82  20:37  Missile Turret, SCV  
  82  20:40  SCV  
  82  20:42  SCV  
  85  20:49  SCV  
  86  20:52  SCV  
  86  20:54  SCV  
  88  21:04  SCV  
  88  21:06  SCV  
  90  21:11  Refinery  
  90  21:13  Refinery  
  90  21:16  Missile Turret  
  90  21:19  Command Center  
  90  21:21  Refinery  
  90  21:22  Missile Turret  
  90  21:23  Refinery  
  90  21:24  Missile Turret  
  90  21:30  Planetary Fortress  
  90  21:32  SCV x2  
  92  21:37  Missile Turret  
  92  21:43  Command Center, Missile Turret  
  92  21:45  Planetary Fortress  
  92  21:47  Missile Turret  
  92  21:49  Missile Turret x2  
  92  21:50  Planetary Fortress  
  92  21:57  Missile Turret  
  92  21:58  SCV  
  93  22:04  SCV  
  93  22:07  SCV, Missile Turret  
  93  22:08  Missile Turret  
  95  22:10  SCV  
  95  22:11  Refinery  
  95  22:12  Refinery  
  96  22:16  SCV  
  96  22:19  Missile Turret, SCV  
  98  22:25  Command Center  
  98  22:27  Missile Turret  
  98  22:32  Missile Turret  
  98  22:50  Missile Turret  
  98  22:52  Missile Turret  
  98  22:56  Command Center, SCV  
  98  22:57  SCV x2  
  101  22:59  Command Center, Planetary Fortress x2  
  101  23:09  Missile Turret, SCV  
  101  23:12  Missile Turret  
  102  23:18  Missile Turret  
  102  23:21  Missile Turret x2, SCV  
  100  23:27  Missile Turret  
  100  23:28  Missile Turret  
  100  23:29  Missile Turret  
  97  23:34  Missile Turret, SCV x3  
  99  23:46  SCV  
  99  23:49  Missile Turret  
  99  23:54  Missile Turret, Barracks  
  96  24:03  SCV x3  
  96  24:08  SCV x2  
  102  24:13  Command Center  
  99  24:20  SCV x2  
  97  24:37  Missile Turret  
  97  24:38  Missile Turret  
  97  24:39  Missile Turret  
  97  24:42  Barracks  
  91  24:55  Barracks Tech Lab, Factory  
  91  24:59  SCV  
  92  25:00  SCV  
  92  25:06  Missile Turret  
  93  25:11  SCV, Planetary Fortress  
  93  25:12  SCV  
  95  25:23  SCV  
  95  25:25  Command Center  
  95  25:27  Missile Turret  
  96  25:30  SCV x3  
  99  25:36  Missile Turret  
  99  25:38  Missile Turret  
  99  25:42  SCV x3  
  102  25:47  Missile Turret  
  102  25:50  Missile Turret  
  102  25:54  SCV  
  102  25:55  Hellion  
  105  26:00  Missile Turret x2, Starport  
  105  26:05  SCV  
  105  26:08  Missile Turret  
  106  26:11  Missile Turret  
  106  26:21  Missile Turret  
  106  26:22  Missile Turret  
  102  26:31  Missile Turret x2  
  100  26:37  Starport  
Tags
 
Add a new tag
Caveats
  • Supply blocks, unpowered buildings, or Contaminate may cause inaccurate times.
  • Supply counts are checked every 10 seconds.